 Dungeon Crawl Stone Soup version 0.26-a0-812-g31a745ddcd (webtiles) character file.

Game seed: 15491562077124160782

6 kae the Insei (level 1, 0/12 HPs)
             Began as a Tengu Transmuter on Nov 19, 2020.
             Killed from afar by a dart slug (6 damage)
             ... with a slug dart
             ... on level 1 of the Dungeon.
             The game lasted 00:00:10 (128 turns).

kae the Insei (Tengu Transmuter)                     Turns: 128, Time: 00:00:11

Health: 0/12       AC:  2    Str: 10    XL:     1   Next: 90%
Magic:  4/4        EV: 12    Int: 13    God:
Gold:   14         SH:  0    Dex: 14    Spells: 3/4 levels left

rFire    . . .     SeeInvis .     - Unarmed
rCold    . . .     Faith    .   (no shield)
rNeg     . . .     Spirit   .   a - +0 robe
rPois    .         Reflect  .   (helmet restricted)
rElec    .         Harm     .   (no cloak)
rCorr    .         Rampage  .   (no gloves)
MR       .....                  (boots unavailable)
Stlth    +.........             (no amulet)
HPRegen  0.04/turn              (no ring)
MPRegen  0.09/turn              (no ring)

@: no status effects
A: beak, talons 3
a: no special abilities


You were on level 1 of the Dungeon.
You visited 1 branch of the dungeon, and saw 1 of its levels.

You collected 14 gold pieces.

Inventory:

Armour
 a - a +0 robe (worn)
Scrolls
 b - a scroll of teleportation {unknown}
 d - a scroll of identify {unknown}
Potions
 c - a potion of magic {unknown}


   Skills:
 + Level 1.1 Fighting
 - Level 2.1 Dodging
 * Level 3.4 Unarmed Combat
 + Level 2.0 Spellcasting
 * Level 1.8 Transmutations


You had 3 spell levels left.
You knew the following spells:

 Your Spells              Type           Power        Failure   Level
a - Beastly Appendage     Tmut           #.....       12%         1

Your spell library contained the following spells:

 Spells                   Type           Power        Failure   Level
 Wereblood                Tmut           #.......     19%         2
 Spider Form              Tmut/Pois      #.........   47%         3
 Ice Form                 Ice/Tmut       #.......     87%         4
 Blade Hands              Tmut           #.........   98%         5


Dungeon Overview and Level Annotations

Branches:
Dungeon (1/15)

Altars:


Innate Abilities, Weirdness & Mutations

You have a beak for a mouth.
You have claws for feet.


Message History

You are too injured to fight recklessly!
You hit the giant cockroach but do no damage.
Your kick misses the giant cockroach. Your peck misses the giant cockroach.
The giant cockroach is almost dead.
The giant cockroach completely misses you.
You hit the dart slug. You claw the dart slug.
The dart slug is severely wounded.
The giant cockroach barely misses you.
You hit the giant cockroach but do no damage.
Your kick misses the giant cockroach.
The giant cockroach is severely wounded.
The giant cockroach barely misses you.
The dart slug bites you but does no damage.
You hit the dart slug but do no damage.
The dart slug is severely wounded.
The giant cockroach bites you. The dart slug launches a dart at you.
The slug dart hits you.
Ouch! That really hurt!
You die...

#####.#.#.........#
#####.#.#...[)...[#
......#.#.........#
..............>...#
..................######
.................!.....#
.........†.............#
.......................#
................@w.....#
.).###..........#B.....#
...####.#########......#
........# ......#
.##.#.#.# .......
.##.....# .......
.##.###.# ....... ....#
#.# ....... .#### #.#


You could see a dart slug and a giant cockroach.

Vanquished Creatures
  2 bats (D:1)
  A goblin (D:1)
  A frilled lizard (D:1)
  A kobold (D:1)
  2 rats (D:1)
7 creatures vanquished.

Notes
Turn   | Place    | Note
-------+----------+-------------------------------------------
     0 | D:1      | kae the Tengu Transmuter began the quest for the Orb.
     0 | D:1      | Reached XP level 1. HP: 12/12 MP: 4/4
   128 | D:1      | Killed from afar by a dart slug

Illustrated notes

Levels and vault maps discovered:
D:1:      mrwooster_arrival_statue_2, layout_rooms, minmay_misc_feat_enclosed

Action                   || total
-------------------------++-------
Melee: Unarmed           ||    17
       Kick              ||     5
 Cast: Beastly Appendage ||     3
Armor: Robe              ||     3
Dodge: Dodged            ||    22

Table legend: (Time is in decaauts)
 A = Elapsed time spent in this place.
 B = Non-inter-level travel time spent in this place.
 C = Inter-level travel time spent in this place.
 D = Time resting spent in this place.
 E = Time spent auto-exploring this place.
 F = Levels seen in this place.
 G = Mean time per level.
                   A        B        C        D        E       F      G
               +--------+--------+--------+--------+--------+-----+--------+
         Total |    127 |    127 |      0 |      0 |     85 |   1 |  127.0 |
       Dungeon |    127 |    127 |      0 |      0 |     85 |   1 |  127.0 |
               +--------+--------+--------+--------+--------+-----+--------+

Top non-repeatable levels by time:
     D:1: 127 daAuts
